 Dungeon Crawl Stone Soup version 0.29.0-4-gdea44cf6ec (webtiles) character file.

Game seed: 14599071905608450077

21 qw the Sneak (level 2, -2/19 HPs)
             Began as a Gargoyle Delver on Sept 10, 2022.
             Slain by a gnoll
             ... wielding a +0 whip
              (3 damage)
             ... on level 2 of the Dungeon.
             The game lasted 00:00:15 (862 turns).

qw the Sneak (Gargoyle Delver)                       Turns: 862, Time: 00:00:15

Health: -2/19      AC:  6    Str: 15    XL:     2   Next: 87%
Magic:  2/2        EV: 11    Int: 10    God:
Gold:   61         SH:  0    Dex: 11    Spells: 1/1 levels left

rFire   . . .      SeeInvis .   Y - +0 hand axe
rCold   . . .      Faith    .   (no shield)
rNeg    + . .      Spirit   .   b - +0 leather armour
rPois   inf        Reflect  .   (no helmet)
rElec   +          Harm     .   e - +0 cloak
rCorr   .          Rampage  .   (no gloves)
Will    +....                   (no boots)
Stlth   +++.......              (no amulet)
HPRegen 0.06/turn               d - ring of willpower
MPRegen 0.08/turn               (no ring)

@: no status effects
A: sickness immunity, AC +2, negative energy resistance 1, electricity
resistance, torment resistance 1, petrification resistance
a: no special abilities


You were on level 2 of the Dungeon.
You visited 1 branch of the dungeon, and saw 4 of its levels.

You collected 61 gold pieces.


Innate Abilities, Weirdness & Mutations

You are immune to sickness and miasma.
Your stone body is resilient. (AC +2)
You are immune to poison.
You resist negative energy. (rN+)
You are resistant to electric shocks. (rElec)
You are resistant to unholy torment.
You are immune to petrification.


   Skills:
 - Level 3.2 Fighting
 + Level 3.0 Axes
 - Level 1.5 Dodging
 - Level 5.4 Stealth


You had one spell level left.
You didn't know any spells.
Your spell library was empty.

Inventory:

Hand Weapons
 h - a +0 mace
 Y - a +0 hand axe (weapon)
Armour
 b - a +0 leather armour (worn)
 e - a +0 cloak (worn)
Jewellery
 d - a ring of willpower (left hand)
Wands
 g - a wand of digging (3)
Scrolls
 a - 2 scrolls of identify
Potions
 f - 2 potions of haste

Dungeon Overview and Level Annotations

Branches:
Dungeon (5/15)
 Temple: D:4-7

Altars:


Message History

There are monsters nearby!
847 ||| Stepping randomly (stuck).
A gnoll and an endoplasm come into view.
Found 5 stones and a falchion.
You feel your willpower return.
The endoplasm quivers.
The gnoll shouts! x2
851 ||| Stepping ~*~*~tactically~*~*~ (hiding).
You hit the endoplasm.
You kill the endoplasm!
You hit the gnoll.
The gnoll is heavily wounded.
The gnoll hits you but does no damage.
You hit the gnoll.
The gnoll is severely wounded.
The gnoll hits you but does no damage.
The gnoll hits you from afar with a +0 spear.
You hit the gnoll.
You kill the gnoll!
The gnoll barely misses you. The gnoll hits you with a +0 whip.
An endoplasm comes into view.
The gnoll barely misses you.
Your Axes skill increases to level 3!
You hit the gnoll.
The gnoll is lightly wounded.
The gnoll hits you with a +0 whip.
The gnoll hits you from afar with a +0 spear.
You hit the gnoll.
The gnoll is moderately wounded.
The gnoll hits you from afar with a +0 spear.
The gnoll barely misses you.
You hit the gnoll.
The gnoll is heavily wounded.
The gnoll hits you from afar with a +0 spear.
The gnoll hits you but does no damage.
You hit the gnoll.
The gnoll is almost dead.
The gnoll hits you from afar with a +0 spear.
The gnoll hits you with a +0 whip.
You die...

#.####.# #.#
#.# #.# #.##
#.# #..# #.#
##.# ..# #.#
### #.# #%#
#@# #g#
#..g......
...........
###..###gg##
#...?.$...
#........(
#.........
#......)##


You could see 2 gnolls.

Vanquished Creatures
  A gnoll (D:2)
  A dart slug (D:3)
  An orc (D:5)
  2 endoplasms
  2 bats
  2 kobolds (D:3)
  A rat (D:3)
10 creatures vanquished.

Notes
Turn   | Place    | Note
-------+----------+-------------------------------------------
     0 | D:5      | qw the Gargoyle Delver began the quest for the Orb.
     0 | D:5      | Reached XP level 1. HP: 14/14 MP: 1/1
     0 | D:5      | 0 ||| qw: Version: 0.1-a-116-g5d60599
     0 | D:5      | 0 ||| qw: Game counter: 9486
     0 | D:5      | 0 ||| qw: Always use a shield: true
     0 | D:5      | 0 ||| qw: God list: Okawaru
     0 | D:5      | 0 ||| qw: Allow faded altars: false
     0 | D:5      | 0 ||| qw: Do Orc after D:15 true
     0 | D:5      | 0 ||| qw: Do second Lair branch before Depths: true
     0 | D:5      | 0 ||| qw: Lair rune preference: random
     0 | D:5      | 0 ||| qw: Plans: Normal
     0 | D:5      | 0 ||| PLANNING D:1-11
   225 | D:5      | 225 ||| DROPPING scroll of fog.
   226 | D:5      | 226 ||| DROPPING scroll of magic mapping.
   227 | D:5      | 227 ||| DROPPING scroll of fear.
   272 | D:4      | 272 ||| UPGRADING to ring of willpower.
   273 | D:4      | 273 ||| READING scroll labelled URICAE VUYGOSA.
   342 | D:3      | Reached XP level 2. HP: 16/19 MP: 2/2
   808 | D:3      | 808 ||| UPGRADING to +0 cloak.
   813 | D:3      | 813 ||| READING 2 scrolls labelled FAIGAKH YRUNWIRI.
   814 | D:3      | 814 ||| DROPPING scroll of vulnerability.
   847 | D:2      | 847 ||| Stepping randomly (stuck).
   851 | D:2      | 851 ||| Stepping ~*~*~tactically~*~*~ (hiding).
   859 | D:2      | Reached skill level 3 in Axes
   861 | D:2      | HP: 4/19 [gnoll/+0 spear (2)]
   862 | D:2      | HP: 1/19 [gnoll/+0 spear (3)]
   862 | D:2      | Slain by a gnoll

Levels and vault maps discovered:
D:2:      layout_loops_ring, hellmonk_ecumenical_altar_lost_god,
          minmay_pentomino_x4
D:3:      layout_loops_ring, serial_co_window_serial, co_window_corner_a,
          co_window_paths_a, co_window_paths_a, co_window_paths_b,
          co_window_paths_b, co_window_of_opportunity_b, co_window_corner_b,
          co_window_2corner, co_window_unsneaky_path_e, co_window_2corner,
          co_window_corner_b, co_window_corner_b, glass_columns_a,
          glass_columns_c, glass_columns_b, glass_columns_a
D:4:      layout_gridville
D:5:      layout_cave_pools, uniq_sigmund

Skill      XL: |  1  2 |
---------------+-------+-----
Axes           | 2 3 |  3.0
Fighting       | |  3.2
Dodging        | |  1.5
Stealth        | |  5.4

Action                   || total
-------------------------++-------
Melee: Hand axe          ||    45
  Use: Scroll            ||     2
Armor: Leather armour    ||    15
Dodge: Dodged            ||    23

Table legend:
 A = Non-vault XP
 B = Vault XP
 C = Vault XP percentage of total XP
 D = Non-vault monster count
 E = Vault monster count
 F = Vault count percentage of total count
                 A         B        C        D         E       F
            +---------+---------+-------+---------+---------+-------
      Total |      31 |       0 |   0.0 |      10 |       0 |   0.0
            +---------+---------+-------+---------+---------+-------
        D:2 |      17 |       0 |   0.0 |       3 |       0 |   0.0
        D:3 |      11 |       0 |   0.0 |       6 |       0 |   0.0
        D:5 |       3 |       0 |   0.0 |       1 |       0 |   0.0
            +---------+---------+-------+---------+---------+-------
